 Dungeon Crawl Stone Soup version 0.16.1-11-g651b585 (webtiles) character file.

1115 Radiman the Digger (level 8, 0/41 HPs)
             Began as a Gargoyle Earth Elementalist on Apr 1, 2015.
             Was an Initiate of Vehumet.
             Slain by a shadow imp (2 damage)
             ... on level 6 of the Dungeon.
             The game lasted 00:41:40 (7510 turns).

Radiman the Digger (Gargoyle Earth Elementalist)    Turns: 7510, Time: 00:41:41

Health: 0/41       AC: 10    Str: 15    XL:     8   Next: 34%
Magic:  21/22      EV: 12    Int: 17    God:    Vehumet [......]
Gold:   296        SH:  0    Dex: 10    Spells: 4 memorised, 9 levels left

rFire  . . .     SeeInvis .     i - -3 flail (curse)
rCold  . . .     Clarity  .     c - +0 robe
rNeg   + + .     SustAb   .     (no shield)
rPois  ∞         Gourm    .     r - +1 helmet
rElec  +         Spirit   .     o - +0 cloak
rCorr  .         Warding  .     (no gloves)
rMut   .         Stasis   .     (no boots)
MR     .....                    (no amulet)
Stlth  +.........               k - +2 ring of strength
                                v - ring of positive energy

@: confused, not resistant to hostile enchantments, very unstealthy
A: negative energy resistance 1, electricity resistance, unbreathing,
petrification resistance, rot immunity, AC +5
a: Renounce Religion


You were on level 6 of the Dungeon.
You worshipped Vehumet.
Vehumet was noncommittal.
You were not hungry.

You visited 2 branches of the dungeon, and saw 7 of its levels.

You collected 296 gold pieces.

Inventory:

Hand weapons
 i - a cursed -3 flail (weapon)
 y - a +0 mace
 C - a +4 flail of draining
Missiles
 b - 266 stones (quivered)
Armour
 c - a +0 robe (worn)
 o - a +0 cloak (worn)
 r - a +1 helmet (worn)
Jewellery
 j - a cursed ring of fire
 k - a +2 ring of strength (right hand)
 t - an uncursed ring of flight
 v - a ring of positive energy (left hand)
 B - a +4 ring of evasion {unknown}
Magical devices
 g - a wand of disintegration (17)
 m - a wand of digging (16)
 w - a wand of random effects (30)
Scrolls
 p - a scroll of blinking
 q - a scroll of enchant weapon
 A - a scroll of immolation
Potions
 e - 3 potions of restore abilities
 l - a potion of brilliance
 s - a potion of berserk rage
 x - a potion of flight
Books
 d - a book of Geomancy

   Spells                             Type                      Level
   a - Sandblast                      Earth                        1
   b - Stoneskin                      Transmutation/Earth          2
   c - Passwall                       Transmutation/Earth          3
   d - Stone Arrow                    Conjuration/Earth            3
   e - Petrify                        Transmutation/Earth          4
   f - Lee's Rapid Deconstruction     Earth                        5
 n - a book of Fire

   Spells                             Type                      Level
   a - Ignite Poison                  Fire/Transmutation           5
   b - Fireball                       Conjuration/Fire             5
   c - Bolt of Fire                   Conjuration/Fire             6
   d - Delayed Fireball               Conjuration/Fire             7
   e - Ring of Flames                 Charms/Fire                  7
 z - a book of the Sky

   Spells                             Type                      Level
   a - Flight                         Charms/Air                   3
   b - Airstrike                      Air                          4
   c - Silence                        Hexes/Air                    5
   d - Deflect Missiles               Charms/Air                   6
   e - Conjure Ball Lightning         Conjuration/Air              6
   f - Tornado                        Air                          9
Comestibles
 a - 3 bread rations
 f - 5 meat rations
 u - 2 fruits


   Skills:
 - Level 1.5 Dodging
 - Level 2.1 Stealth
 * Level 6.5 Spellcasting
 + Level 4.7 Conjurations
 - Level 0.7 Transmutations
 + Level 7.0 Earth Magic


You had 9 spell levels left.
You knew the following spells:

 Your Spells              Type           Power        Failure   Level  Hunger
a - Sandblast             Erth           ####..       1%          1    None
b - Stoneskin             Trmt/Erth      ###.....     4%          2    None
c - Stone Arrow           Conj/Erth      ####..       4%          3    ##.....
d - Lee's Rapid Deconstr  Erth           ####......   21%         5    #####..


Dungeon Overview and Level Annotations

Branches:
Dungeon (6/15)             Temple (1/1) D:5

Altars:
Ashenzari
Cheibriados
Dithmenos
Elyvilon
Fedhas
Gozag
Kikubaaqudgha
Makhleb
Nemelex Xobeh
Okawaru
Qazlal
Ru
Sif Muna
Trog
Vehumet
Xom
Yredelemnul
Zin
The Shining One

Annotations:
D:6 Sigmund


Innate Abilities, Weirdness & Mutations

You are resistant to torment.
You are immune to poison.
Your stone body is very resilient (AC +5).
You resist negative energy.
You are resistant to electric shocks.
You can survive without breathing.
You are immune to petrification.
You are immune to rotting.


Message History

Press: ? - help, Shift-Dir - straight line, f - shadow imp
Aim: a shadow imp (lightly wounded)
The blast of sand hits the shadow imp.
The shadow imp is moderately wounded.
You hear a zap.
Your will is overpowered!
You are confused.
The shadow imp barely misses you.
You're too confused to cast spells.
Unknown command.
Unknown command.
You hear a zap.
Your will is overpowered!
You are more confused.
The shadow imp hits you.
* * * LOW HITPOINT WARNING * * *
You miss something.
You hear some strange, mumbled words.
The puff of flame hits you!
* * * LOW HITPOINT WARNING * * *
The shadow imp hits you.
You die...

# #........# #.####
##.......# #
...######........#
####.#.............#
...#.......#.......#
...................#
...................#
....##..####.......#
....##..####....@..#
.....#.....#....5{.#
.....####......[...#
.##.>.####....)..###
###...........#..#
#....###....#..# #..
........####
..###...# . #....


You could see a shadow imp.

Vanquished Creatures
  Grinder (D:4)
  Edmund (D:5)
  An ice beast (D:5)
  A centaur (D:5)
  A crimson imp (D:5)
  A centaur zombie (D:4)
  2 hounds
  The ghost of EmperorPingu0 the Scratcher, a weakling FeMo (D:3)
  An orc wizard (D:5)
  A gnoll shaman (D:6)
  2 worker ants (D:5)
  Ijyb (D:5)
  A mummy (D:6)
  Robin (D:4)
  6 gnolls
  7 adders
  A giant mite (D:5)
  A shadow imp (D:5)
  7 worms
  An adder zombie (D:5)
  4 giant geckos
  4 orcs
  4 ball pythons
  10 giant cockroaches
  16 hobgoblins
  12 jackals
  14 kobolds
  An ooze (D:3)
  7 bats
  A giant gecko zombie (D:5)
  8 giant newts
  14 goblins
  15 rats
149 creatures vanquished.

Notes
Turn   | Place    | Note
--------------------------------------------------------------
     0 | D:1      | Radiman, the Gargoyle Earth Elementalist, began the quest for the Orb.
     0 | D:1      | Reached XP level 1. HP: 10/10 MP: 3/3
   352 | D:1      | Reached skill level 4 in Earth Magic
   352 | D:1      | Reached XP level 2. HP: 7/15 MP: 0/4
  1236 | D:1      | Reached XP level 3. HP: 17/19 MP: 3/6
  1730 | D:2      | Learned a level 2 spell: Stoneskin
  1734 | D:2      | Learned a level 3 spell: Stone Arrow
  1825 | D:2      | Found a shadowy altar of Dithmenos.
  2327 | D:2      | Reached XP level 4. HP: 24/24 MP: 7/9
  2579 | D:2      | Reached skill level 1 in Conjurations
  2913 | D:2      | Reached XP level 5. HP: 22/28 MP: 2/12
  3031 | D:3      | Noticed EmperorPingu0's ghost (weakling FeMo)
  3047 | D:3      | Killed EmperorPingu0's ghost
  3497 | D:3      | Reached skill level 5 in Earth Magic
  3679 | D:3      | Reached XP level 6. HP: 32/32 MP: 10/15
  3730 | D:4      | Learned a level 5 spell: Lee's Rapid Deconstruction
  3783 | D:4      | Noticed Grinder
  3789 | D:4      | Paralysed by Grinder for 2 turns
  3808 | D:4      | Paralysed by Grinder for 6 turns
  3818 | D:4      | Paralysed by Grinder for 2 turns
  3820 | D:4      | Killed Grinder
  3820 | D:4      | Reached skill level 5 in Spellcasting
  3946 | D:4      | Noticed Robin
  3957 | D:4      | Reached XP level 7. HP: 36/36 MP: 9/18
  3964 | D:4      | Killed Robin
  4876 | D:5      | Entered Level 5 of the Dungeon
  5020 | D:5      | Found a staircase to the Ecumenical Temple.
  5050 | Temple   | Entered the Ecumenical Temple
  5353 | Temple   | Became a worshipper of Vehumet
  5381 | D:5      | Reached skill level 6 in Earth Magic
  5484 | D:5      | Noticed Ijyb
  5533 | D:5      | Killed Ijyb
  6756 | D:6      | Reached XP level 8. HP: 22/41 MP: 1/21
  6878 | D:6      | Noticed Edmund
  6904 | D:5      | Killed Edmund
  7328 | D:6      | Noticed Sigmund
  7370 | D:5      | Reached skill level 7 in Earth Magic
  7506 | D:6      | HP: 2/41 [something (1)]
  7510 | D:6      | Slain by a shadow imp

Action                   |  1- 3 |  4- 6 |  7- 9 || total
-------------------------+-------+-------+-------++-------
Melee: Unarmed           |    81 |       |    31 ||   112
       Club              |     7 |       |     8 ||    15
       Flail             |       |       |     9 ||     9
 Cast: Sandblast         |    89 |   146 |   234 ||   469
  Use: Scroll            |     4 |     4 |     4 ||    12
       Potion            |       |       |     1 ||     1
  Eat: Chunk             |     5 |     4 |    10 ||    19
       Pizza             |       |       |     1 ||     1
